 Dungeon Crawl Stone Soup version 0.30.1-9-gdf580d7c3d (webtiles) character file.

Game seed: 16383638277973446866

1157 Wiggles the Cleaver (level 8, -3/70 HPs)
             Began as a Minotaur Berserker on Oct 2, 2023.
             Was a Priest of Trog.
             Killed from afar by an electric eel (4 damage)
             ... with a bolt of electricity
             ... on level 6 of the Dungeon.
             The game lasted 00:06:42 (3853 turns).

Wiggles the Cleaver (Minotaur Berserker)            Turns: 3853, Time: 00:06:43

Health: -3/70      AC: 15    Str: 24    XL:     8   Next: 16%
Magic:  7/7        EV:  8    Int:  4    God:    Trog [***...]
Gold:   308        SH:  0    Dex: 10    Spells: 7/7 levels left

rFire   + . .        a - +0 hand axe
rCold   + . .        (no shield)
rNeg    . . .        b - +1 plate armour {rPois}
rPois   +            (helmet restricted)
rElec   .            s - scarf {rC+ rF+}
rCorr   .            (no gloves)
SInv    .            t - +0 pair of boots
Will    .....        (no amulet) Stlth
                     (no ring)
HPRegen 0.31/turn    (no ring)
MPRegen 0.10/turn

%: no passive effects
@: no status effects
A: horns 2, retaliatory headbutt
a: Renounce Religion, Berserk, Trog's Hand


You were on level 6 of the Dungeon.
You worshipped Trog.
Trog was most pleased with you.
You visited 1 branch of the dungeon, and saw 6 of its levels.

You collected 308 gold pieces.

Inventory:

Hand Weapons
 a - a +0 hand axe (weapon)
Missiles
 i - a throwing net (quivered)
Armour
 b - a +1 plate armour of poison resistance (worn)
 s - a scarf of resistance (worn)
 t - a +0 pair of boots (worn)
Jewellery
 g - a ring of magical power
Scrolls
 d - 3 scrolls of poison {unknown}
 e - 7 scrolls of identify {unknown}
 h - a scroll of teleportation {unknown}
 m - a scroll of fear {unknown}
 n - 2 scrolls of fog {unknown}
 o - a scroll of enchant weapon {unknown}
 q - a scroll of acquirement {unknown}
 v - a scroll of noise {unknown}
 w - 3 scrolls of blinking {unknown}
 x - a scroll of torment {unknown}
 y - a scroll of immolation {unknown}
Potions
 c - a potion of cancellation {unknown}
 f - 5 potions of curing {unknown}
 j - 3 potions of attraction {unknown}
 k - a potion of berserk rage {unknown}
 l - 2 potions of flight {unknown}
 p - 2 potions of heal wounds {unknown}
 r - a potion of might {unknown}
 u - 2 potions of ambrosia {unknown}


   Skills:
 + Level 6.3 Fighting
 + Level 9.0 Axes
 + Level 6.1 Armour
 + Level 3.3 Dodging
 + Level 0.1 Stealth


You had 7 spell levels left.
You didn't know any spells.
Your spell library was empty.

Dungeon Overview and Level Annotations

Branches:
Dungeon (6/15)             Temple (0/1) D:5

Altars:
Makhleb
Ru
Uskayaw
Xom


Innate Abilities, Weirdness & Mutations

You have a pair of horns on your head.
You reflexively headbutt those who attack you in melee.


Message History

Trog accepts your kill.
Your Axes skill increases to level 9!
Your Armour skill increases to level 6!
No target in view!
An electric eel comes into view.
The electric eel shoots out a bolt of lightning at you!
The bolt of electricity hits you!
The electric eel shoots out a bolt of lightning at you!
The bolt of electricity hits you!
You aren't carrying any items that you can evoke.
Found a lead wand.
The electric eel shoots out a bolt of lightning at you!
The bolt of electricity hits you! Why would you want to do that?
Why would you want to do that? Why would you want to do that?
The electric eel shoots out a bolt of lightning at you!
The bolt of electricity hits you.
The electric eel shoots out a bolt of lightning at you!
The bolt of electricity hits you.
The electric eel shoots out a bolt of lightning at you!
The bolt of electricity hits you.
The electric eel shoots out a bolt of lightning at you!
The bolt of electricity hits you!
The electric eel shoots out a bolt of lightning at you!
The bolt of electricity hits you!
* * * LOW HITPOINT WARNING * * *
You slash the electric eel! Your headbutt misses the electric eel.
The electric eel is severely wounded.
You closely miss the electric eel.
The electric eel is severely wounded.
The electric eel shoots out a bolt of lightning at you!
The bolt of electricity hits you!
* * * LOW HITPOINT WARNING * * *
You closely miss the electric eel.
The electric eel is severely wounded.
You hit the electric eel.
The electric eel is almost dead.
The electric eel shoots out a bolt of lightning at you!
The bolt of electricity hits you.
You die...

...#...#.....#...#.....
#....≈....#....≈.......
...#...#.....#...#.....
.≈/......≈.≈.......##+#
....≈.≈.......≈.≈..#
..#.....#.$.#......#
≈....#....≈....#...#
..#.....#...#......#
....≈.≈..@....≈.≈..#
.≈.......S.≈.......#
...#...#.....#...
#....≈....#....≈.
...#...#.....#...
.≈...+...≈.≈.....
.....##.......#.. ##+#
#...#...#


You could see an electric eel.

Vanquished Creatures
  Menkaure (D:4)
  A water moccasin (D:5)
  3 ice beasts
  A centaur (D:5)
  A phantom (D:4)
  3 scorpions
  A howler monkey (D:4)
  2 hounds (D:5)
  A sleepcap (D:4)
  An iguana (D:4)
  A gnoll (D:1)
  11 adders
  2 dart slugs
  3 orcs (D:4)
  3 bats
  5 endoplasms
  4 giant cockroaches
  8 goblins
  6 hobgoblins
  5 kobolds
  6 quokkas
  9 ball pythons
  5 frilled lizards
  2 rats
85 creatures vanquished.

Notes
Turn   | Place    | Note
-------+----------+-------------------------------------------
     0 | D:1      | Wiggles the Minotaur Berserker began the quest for the Orb.
     0 | D:1      | Reached XP level 1. HP: 19/19 MP: 0/0
    76 | D:1      | Reached skill level 4 in Axes
    76 | D:1      | Reached XP level 2. HP: 27/27 MP: 1/1
   423 | D:1      | Reached XP level 3. HP: 33/33 MP: 2/2
   981 | D:2      | Reached ** piety under Trog
  1082 | D:2      | Reached XP level 4. HP: 39/41 MP: 3/3
  2041 | D:3      | Found a sacrificial altar of Ru.
  2390 | D:4      | Noticed a scorpion
  2397 | D:4      | Killed a scorpion
  2398 | D:4      | Reached skill level 5 in Fighting
  2398 | D:4      | Reached skill level 5 in Axes
  2398 | D:4      | Reached XP level 5. HP: 48/48 MP: 4/4
  2556 | D:4      | Noticed a phantom
  2565 | D:4      | Killed a phantom
  2566 | D:4      | Reached skill level 6 in Axes
  2566 | D:4      | Reached XP level 6. HP: 56/56 MP: 5/5
  2569 | D:4      | Found a burning altar of Makhleb.
  2569 | D:4      | Found a hide-covered altar of Uskayaw.
  2624 | D:4      | Found a shimmering altar of Xom.
  2628 | D:4      | Noticed Menkaure
  2641 | D:4      | Killed Menkaure
  2642 | D:4      | Reached skill level 7 in Axes
  2642 | D:4      | Reached XP level 7. HP: 43/61 MP: 6/6
  2769 | D:4      | Reached *** piety under Trog
  2907 | D:5      | Entered Level 5 of the Dungeon
  3017 | D:5      | Found a staircase to the Ecumenical Temple.
  3142 | D:5      | Reached skill level 5 in Armour
  3321 | D:5      | Reached skill level 8 in Axes
  3755 | D:6      | Reached XP level 8. HP: 69/70 MP: 7/7
  3807 | D:6      | Reached skill level 9 in Axes
  3851 | D:6      | HP: 1/70 [electric eel/bolt of electricity (14)]
  3853 | D:6      | Killed from afar by an electric eel

Illustrated notes

Levels and vault maps discovered:
D:1:      matt_arrival_spirals, layout_loops_ring, minmay_heptomino_h4
D:2:      layout_loops_corners
D:3:      minmay_octagon_keep, layout_loops_cross,
          nicolae_ru_sacrificial_ziggurat, glass_columns_c, nrook_loot_triangle,
          feat_on_display
D:4:      layout_rooms, chequers_temple_overflow_statue_of_worship,
          minmay_misc_feat_x, uniq_menkaure
D:5:      layout_gridville, minmay_temple_entry_hall
D:6:      layout_gridville, nicolae_kite_square_tiling_tiny

Skill      XL: |  1  2  3  4  5  6  7  8 |
---------------+-------------------------+-----
Fighting       | 4 5 6 |  6.3
Axes           | 4 5 6 7 8 9 |  9.0
Armour         | 3 4 5 6 |  6.1
Dodging        | 3 |  3.3
Stealth        | |  0.1

Action                     |  1- 3 |  4- 6 |  7- 9 || total
---------------------------+-------+-------+-------++-------
  Melee: Hand axe          |    62 |   114 |    89 ||   265
         Headbutt          |     9 |     8 |    14 ||    31
         Punch             |       |     3 |     3 ||     6
 Invoke: Berserk           |     1 |     2 |       ||     3
 Armour: Animal skin       |     4 |       |       ||     4
         Plate armour      |    13 |    74 |    58 ||   145
         Leather armour    |     1 |       |       ||     1
  Dodge: Dodged            |    27 |    46 |    33 ||   106
